 Dungeon Crawl Stone Soup version 0.18.1-50-g88ac8fd (webtiles) character file.

63 magog001 the Skirmisher (level 4, -1/41 HPs)
             Began as a Hill Orc Fighter on Aug 21, 2018.
             Slain by pedritolo's ghost (7 damage)
             ... on level 3 of the Dungeon on Aug 22, 2018.
             The game lasted 00:07:09 (1457 turns).

magog001 the Skirmisher (Hill Orc Fighter)          Turns: 1457, Time: 00:07:10

Health: -1/41      AC:  8    Str: 19    XL:     4   Next: 10%
Magic:  4/4        EV:  7    Int:  8    God:
Gold:   114        SH:  9    Dex: 10    Spells: 0 memorised, 3 levels left

rFire  . . .     SeeInvis .     a - +0 war axe
rCold  . . .     Gourm    +     b - +0 scale mail
rNeg   . . .     Faith    .     c - +0 shield
rPois  .         Spirit   .     (no helmet)
rElec  .         Dismiss  .     (no cloak)
rCorr  .         Reflect  .     m - +0 pair of gloves
SustAt .         Harm     .     (no boots)
MR     .....                    o - amulet of the gourmand
Stlth  ..........               (no ring)
                                (no ring)

@: not resistant to hostile enchantments, extremely unstealthy
A: no striking features
a: no special abilities


You were on level 3 of the Dungeon.
You were hungry.

You visited 1 branch of the dungeon, and saw 3 of its levels.

You collected 114 gold pieces.

Inventory:

Hand Weapons
 a - a +0 war axe (weapon)
Missiles
 l - 8 tomahawks (quivered)
 p - 16 sling bullets
 q - 4 needles of frenzy
Armour
 b - a +0 scale mail (worn)
 c - a +0 shield (worn)
 m - a +0 pair of gloves (worn)
Jewellery
 o - an amulet of the gourmand (around neck)
Scrolls
 e - a scroll of magic mapping {unknown}
 h - 3 scrolls of identify {unknown}
 k - a scroll of remove curse {unknown}
 n - 2 scrolls of blinking {unknown}
 r - 2 scrolls of immolation {unknown}
 s - a scroll of teleportation {unknown}
 t - a scroll of noise {unknown}
Potions
 d - 2 potions of might
 g - a potion of haste {unknown}
 j - 2 potions of heal wounds {unknown}
Comestibles
 f - 2 bread rations
 i - a meat ration
 u - 3 chunks of flesh


   Skills:
 * Level 4.3 Fighting
 * Level 3.3 Axes
 * Level 3.8 Armour
 * Level 4.1 Shields


You had 3 spell levels left.
You didn't know any spells.

Dungeon Overview and Level Annotations

Branches:
Dungeon (3/15)

Altars:
Elyvilon
Pakellas

Annotations:
D:3 pedritolo's ghost, amateur CeHu


Message History

Pedritolo's ghost hits you. x2
You barely miss pedritolo's ghost.
Pedritolo's ghost is lightly damaged.
Pedritolo's ghost hits you but does no damage.
Your shield and scale mail prevent you from hitting pedritolo's ghost.
Pedritolo's ghost is lightly damaged.
Pedritolo's ghost hits you.
You slash pedritolo's ghost!
Pedritolo's ghost is moderately damaged.
Pedritolo's ghost hits you!
* * * LOW HITPOINT WARNING * * *
Pedritolo's ghost hits you.
* * * LOW HITPOINT WARNING * * *
You hit pedritolo's ghost.
Pedritolo's ghost is moderately damaged.
Pedritolo's ghost closely misses you. Pedritolo's ghost barely misses you.
You see here a pair of gloves.
Pedritolo's ghost hits you!
You die...

#......# +...<..# #...
#.# #......# #.... #.#
#.<....#### #.... #.#
+.........# #.....#.#
#.........# #.....#.#
#######....# #..?[.#.#
#..........# ........#
#@##########
.......)#####W##########
.......%.รท.[...........#
..!....######..........#
....... #...(......#
...###l #..........# .#
Pl #..........# .P
#..........# .P#
#..........#


You could see pedritolo's ghost.

Vanquished Creatures
  2 adders
  2 giant geckos
  A giant cockroach (D:1)
  2 goblins (D:2)
  9 hobgoblins
  A quokka (D:2)
  7 bats
  10 giant newts
  6 kobolds
  6 rats
46 creatures vanquished.

Notes
Turn   | Place    | Note
--------------------------------------------------------------
     0 | D:1      | magog001 the Hill Orc Fighter began the quest for the Orb.
     0 | D:1      | Reached XP level 1. HP: 19/19 MP: 1/1
    54 | D:1      | Reached XP level 2. HP: 27/27 MP: 2/2
   315 | D:1      | Reached XP level 3. HP: 33/33 MP: 3/3
   826 | D:2      | Found a white marble altar of Elyvilon.
  1218 | D:2      | Found an oddly glowing altar of Pakellas.
  1358 | D:3      | Reached XP level 4. HP: 41/41 MP: 4/4
  1440 | D:3      | Noticed pedritolo's ghost (amateur CeHu)
  1457 | D:3      | Slain by pedritolo's ghost

Skill      XL: |  1  2  3 |
---------------+----------+-----
Fighting       | 4 |  4.3
Axes           | 3 |  3.3
Shields        | 4 |  4.1
Armour         | |  3.8

Action                   |  1- 3 |  4- 6 || total
-------------------------+-------+-------++-------
Melee: War axe           |   101 |    41 ||   142
  Eat: Chunk             |     7 |     1 ||     8
Armor: Scale mail        |    43 |    21 ||    64
Dodge: Dodged            |    25 |    10 ||    35
Block: Shield            |    75 |    15 ||    90
